 Dungeon Crawl Stone Soup version 0.27.1-2-g3b301248ec (webtiles) character file.

Game seed: 12243493373708292731

3 Descartes the Sneak (level 1, -2/10 HPs)
             Began as a Spriggan Wanderer on Sept 23, 2021.
             Slain by a jackal (3 damage)
             ... on level 1 of the Dungeon.
             The game lasted 00:01:37 (356 turns).

Descartes the Sneak (Spriggan Wanderer)              Turns: 356, Time: 00:01:37

Health: -2/10      AC:  2    Str:  7    XL:     1   Next: 41%
Magic:  5/5        EV: 16    Int: 14    God:
Gold:   20         SH:  0    Dex: 14    Spells: 4/5 levels left

rFire    . . .     SeeInvis +   a - +0 dagger
rCold    . . .     Faith    .   (shield restricted)
rNeg     . . .     Spirit   .   b - +0 robe
rPois    .         Reflect  .   (helmet restricted)
rElec    .         Harm     .   (no cloak)
rCorr    .         Rampage  .   (gloves unavailable)
Will     .....                  (boots unavailable)
Stlth    ++........             (no amulet)
HPRegen  0.03/turn              (no ring)
MPRegen  0.09/turn              (no ring)

@: very quick
A: very small, no large weapons, unfitting armour, see invisible, speed 3
a: no special abilities


You were on level 1 of the Dungeon.
You visited 1 branch of the dungeon, and saw 1 of its levels.

You collected 20 gold pieces.

Inventory:

Hand Weapons
 a - a +0 dagger (weapon)
Missiles
 e - 6 poisoned darts
Armour
 b - a +0 robe (worn)
Scrolls
 c - a scroll of teleportation
 d - a scroll of identify {unknown}


   Skills:
 - Level 1.0 Fighting
 + Level 0.2 Short Blades
 - Level 1.0 Staves
 + Level 1.6 Dodging
 + Level 3.1 Stealth
 - Level 2.6 Spellcasting
 - Level 1.5 Translocations
 + Level 1.8 Air Magic


You had 4 spell levels left.
You knew the following spells:

 Your Spells              Type           Power      Damage    Failure   Level
a - Shock                 Conj/Air       16%        1d4       16%         1

Your spell library contained the following spells:

 Spells                   Type           Power      Damage    Failure   Level
 Static Discharge         Conj/Air       4%         N/A       22%         2
 Swiftness                Air            7%         N/A       30%         3
 Passwall                 Tmut/Erth      0%         N/A       32%         2
 Wereblood                Tmut           1%         N/A       32%         2
 Airstrike                Air            3%         N/A       71%         4


Dungeon Overview and Level Annotations

Branches:
Dungeon (1/15)

Altars:


Innate Abilities, Weirdness & Mutations

You are very small and have problems with some larger weapons.
You are too small for most types of armour.
You have supernaturally acute eyesight. (SInv)
You cover ground extremely quickly. (Speed+++)


Message History

You kill the endoplasm!
HP restored.
You now have 11 gold pieces (gained 4).
You now have 20 gold pieces (gained 9).
A jackal comes into view. 3 jackals come into view.
The jackal barks! x4
You closely miss the jackal. You hit the jackal.
The jackal is heavily wounded.
The jackal bites you.
You closely miss the jackal.
The jackal is heavily wounded.
The jackal misses you.
You hit the jackal.
The jackal is severely wounded.
The jackal bites you but does no damage.
You closely miss the jackal.
The jackal is severely wounded.
The jackal bites you but does no damage.
The jackal completely misses you. The jackal bites you.
The jackal closely misses you.
You are too injured to fight recklessly!
You are too injured to fight recklessly!
The jackal bites you.
You closely miss the jackal.
The jackal bites you but does no damage.
You barely miss the jackal. The jackal barely misses you. The jackal bites you.
* * * LOW HITPOINT WARNING * * *
You hit the jackal.
The jackal is moderately wounded.
The jackal closely misses you.
You hit the jackal.
The jackal is almost dead.
The jackal bites you.
* * * LOW HITPOINT WARNING * * *
You hit the jackal.
The jackal is almost dead.
The jackal bites you.
You die...

#. #.......#
# ###.##..#
###.##..#
#.......#
#.#.###.#
###.#.#
#.....# #
#.###.###.#
.. #hh@..#
##.###h#####
#.....#
###.#.#
...#.#
###.#.#
#.#.# #.#.#
#.#.#


You could see 3 jackals.

Vanquished Creatures
  2 endoplasms (D:1)
  A ball python (D:1)
3 creatures vanquished.

Notes
Turn   | Place    | Note
-------+----------+-------------------------------------------
     0 | D:1      | Descartes the Spriggan Wanderer began the quest for the
                  | Orb.
     0 | D:1      | Descartes set off with the following items: a +0 dagger, a
                  | +0 robe, a scroll of teleportation; and the following spell
                  | memorised: Shock; and the following spells available to
                  | memorise: Static Discharge, Passwall, Wereblood, Swiftness,
                  | Airstrike
     0 | D:1      | Reached XP level 1. HP: 10/10 MP: 5/5
   356 | D:1      | Slain by a jackal

Illustrated notes

Levels and vault maps discovered:
D:1:      evilmike_arrival_fibonacci_small, layout_loops_ring,
          hellmonk_ecumenical_altar_heavens_door

Action                   || total
-------------------------++-------
Melee: Dagger            ||    16
 Stab: Sleeping          ||     1
Armor: Robe              ||     3
Dodge: Dodged            ||    10
